 Dungeon Sprint DCSS version 0.29-a0-717-g6dac4ea423 (webtiles) character file.

Game seed: 12396470205173772634

33481 mhtbhm the Ninja (level 13, -3/63 HPs)
             Began as a Spriggan Enchanter on June 26, 2022.
             Was the Champion of Dithmenos.
             Slain by a jiangshi (24 damage)
             ... summoned by a mummy priest
             ... in the Dungeon (Sprint III: "The Ten Rune Challenge").
             The game lasted 00:13:51 (3169 turns).

mhtbhm the Ninja (Spriggan Enchanter)               Turns: 3169, Time: 00:13:52

Health: -3/63      AC:  4    Str:  3    XL:     13   Next: 37%
Magic:  34/34      EV: 29    Int: 25    God:    Dithmenos [******]
Gold:   2381       SH:  0    Dex: 22    Spells: 27/44 levels left

rFire   . . .      SeeInvis +   a - +9 rapier of Yredelemnul's Anger {freeze, rPois rN+++ Str-3 Dex+2}
rCold   . . .      Faith    .   (no shield)
rNeg    + + +      Spirit   .   b - +2 robe {Will+}
rPois   +          Reflect  .   (helmet restricted)
rElec   +          Harm     .   (no cloak)
rCorr   .          Rampage  .   (gloves unavailable)
Will    +++..      NoTele   +   (boots unavailable) Stlth *********+
                                h - amulet of Hotan {RegenMP Dex+4}
HPRegen 0.20/turn               (no ring)
MPRegen 0.64/turn               (no ring)

@: hasted, wreathed by umbra, unable to read, very quick
A: very small, no large weapons, unfitting armour, see invisible, speed 3,
clever 2, electricity resistance, strong 1, inability to read while threatened 1
a: Renounce Religion, Shadow Step, Shadow Form


You were in the Dungeon.
You worshipped Dithmenos.
Dithmenos was exalted by your worship.
You visited 1 branch You collected 3515 gold pieces.
You spent 1134 gold pieces at shops.

Inventory:

Hand Weapons
 a - the +9 rapier of Yredelemnul's Anger (weapon) {freeze, rPois rN+++ Str-3 Dex+2}
   (You found it in the Dungeon)

   It freezes those it strikes, dealing additional cold damage.
   It can also slow down cold-blooded creatures.
   Str:       It affects your strength (-3).
   Dex:       It affects your dexterity (+2).
   rPois:     It protects you from poison.
   rN:        It renders you almost immune to negative energy.
Missiles
 q - 7 curare-tipped darts (quivered)
Armour
 b - a +2 robe of willpower (worn)
Jewellery
 h - the amulet of Hotan (around neck) {RegenMP Dex+4}
   (You acquired it in the Dungeon)

   [amulet of magic regeneration]

   It increases your rate of magic regeneration.
   Dex:       It affects your dexterity (+4).
Wands
 k - a wand of paralysis (5)
 p - a wand of polymorph (12)
Scrolls
 i - 4 scrolls of blinking
 j - 2 scrolls of torment
 m - a scroll of immolation
 s - a scroll of silence {unknown}
 t - a scroll of poison {unknown}
Potions
 c - a potion of invisibility
 d - 3 potions of curing
 e - 3 potions of heal wounds
 f - a potion of haste
 g - 3 potions of magic
 l - a potion of flight
 n - 3 potions of might
 r - a potion of attraction {unknown}
Miscellaneous
 o - a tin of tremorstones (inert)
 u - a lightning rod (4/4)


   Skills:
 + Level 4.5 Fighting
 + Level 12.7 Short Blades
 + Level 1.3 Throwing
 + Level 12.8 Dodging
 O Level 27 Stealth
 + Level 16.3 Spellcasting
 + Level 3.8 Conjurations
 + Level 16.5 Hexes
 + Level 8.2 Ice Magic
 + Level 1.4 Air Magic
 + Level 2.7 Poison Magic
 * Level 16.4 Invocations
 + Level 4.6 Evocations


You had 27 spell levels left.
You knew the following spells:

 Your Spells              Type           Power      Damage    Failure   Level
a - Confusing Touch       Hex            80%        N/A       0%          3
b - Tukima's Dance        Hex            80%        N/A       0%          3
c - Ensorcelled Hibernat  Hex/Ice        100%       N/A       1%          2
d - Dazzling Flash        Conj/Hex       100%       N/A       1%          3
e - Mephitic Cloud        Conj/Pois/Air  33%        N/A       2%          3
f - Inner Flame           Hex/Fire       58%        N/A       1%          3

Your spell library contained the following spells:

 Spells                   Type           Power      Damage    Failure   Level
 Conjure Flame            Conj/Fire      30%        6-21      3%          3
 Ignite Poison            Fire/Tmut/Pois 25%        N/A       5%          3
 Sticky Flame             Conj/Fire      30%        2d5       12%         4
 Corpse Rot               Necr/Pois/Air  27%        N/A       14%         4
 Alistair's Intoxication  Tmut/Pois      18%        N/A       38%         5
 Starburst                Conj/Fire      15%        6d6       87%         6
 Statue Form              Tmut/Erth      13%        N/A       98%         6


Dungeon Overview and Level Annotations

Branches:
Dungeon (1/1)

Altars:
Cheibriados
Dithmenos
Elyvilon
Fedhas
Gozag
Hepliaklqana
Kikubaaqudgha
Makhleb
Nemelex Xobeh
Okawaru
Qazlal
Ru
Sif Muna
Trog
Uskayaw
Vehumet
Wu Jian
Xom
Yredelemnul
Zin
The Shining One
Beogh
Jiyva
Lugonu

Shops:
D ([!=[*:(*?(!


Innate Abilities, Weirdness & Mutations

You are very small and have problems with some larger weapons.
You are too small for most types of armour.
You have supernaturally acute eyesight. (SInv)
You cover ground extremely quickly. (Speed+++)
Your mind is very acute. (Int +8, Str/Dex -2)
You are resistant to electric shocks. (rElec)
Your muscles are strong. (Str +4, Int/Dex -1)
You occasionally lose the ability to read scrolls when taking damage.


Message History

The burst of rock shards engulfs the mummy priest!
The burst of rock shards engulfs you!!
You emit a cloud of dark smoke.
The burst of rock shards engulfs the royal mummy!!
The burst of rock shards engulfs the guardian mummy!
The burst of rock shards engulfs the death scarab.
The burst of rock shards engulfs the mummy priest! x2
The burst of rock shards engulfs the royal mummy but does no damage.
The burst of rock shards engulfs the mummy priest!!
The burst of rock shards engulfs the guardian mummy!
You destroy the guardian mummy!
Dithmenos accepts your kill.
The burst of rock shards engulfs the death scarab.
The burst of rock shards engulfs the mummy priest!
The burst of rock shards engulfs the mummy priest but does no damage.
The burst of rock shards engulfs the royal mummy but does no damage.
The burst of rock shards engulfs the royal mummy!!
The burst of rock shards engulfs the mummy priest!
The burst of rock shards engulfs the guardian mummy!!
You destroy the guardian mummy!
Dithmenos accepts your kill.
The burst of rock shards engulfs the guardian mummy.
The burst of rock shards engulfs the death scarab!
The tin is emptied!
You feel extremely nervous for a moment...
Your bones ache.
You feel extremely nervous for a moment...
You are engulfed in negative energy!
You resist.
You feel extremely nervous for a moment...
Your body is wracked with pain!
You emit a cloud of dark smoke.
You feel extremely nervous for a moment...
You are engulfed in negative energy!
You feel dopey.
The guardian mummy completely misses you.
The royal mummy calls on the powers of darkness!
Your body is wracked with pain!
You feel threatened and lose the ability to read scrolls!
You feel your intelligence returning.
You feel yourself speed up. The jiangshi completely misses you.
The jiangshi claws you!!
You die...

▓'▓▓▓▓▓▓▓▓▓▓▓▓▓▓▓▓▓
▓..#....^.........#
▓..#..............#
▓..#..##########..#
▓..#..#..§..))?#..#
▓..#..#.MMBM)})#..#
▓..#..#MMMBB:|}#..#
▓††#..#MMMMMB:}#..#
▓..#..#@########..#
▓..#..#V§.........#
▓..'..#...........#
▓##################


You could see 2 royal mummies, 5 mummy priests, a jiangshi (summoned), 4
guardian mummies and 4 death scarabs.

Vanquished Creatures
  Sigmund (D)
  2 sphinxes (D)
  Azrael (D)
  A fire dragon (D)
  2 yaktaur captains (D)
  8 mummy priests (D)
  Erolcha (D)
  2 centaur warriors (D)
  4 dancing weapons (D)
  4 orc high priests (D)
  4 skeletal warriors (D)
  A glowing orange brain (shapeshifter) (D)
  An orange crystal statue (D)
  A deep elf pyromancer (D)
  A cyclops (shapeshifter) (D)
  An orc sorcerer (D)
  4 crystal guardians (D)
  A faun (shapeshifter) (D)
  An ugly thing (D)
  A torpor snail (shapeshifter) (D)
  Edmund (D)
  3 yaktaurs (D)
  11 guardian mummies (D)
  3 wandering mushrooms (D)
  A queen bee (D)
  4 spriggan defenders (D)
  A slime creature (D)
  A shadow (D)
  2 redbacks (D)
  A spatial vortex (D)
  2 orc warriors (D)
  5 two-headed ogres (D)
  A necrophage (D)
  A scorpion (D)
  A water elemental (D)
  32 killer bees (D)
  A jelly (D)
  5 orc priests (D)
  A necromancer (D)
  A wizard (D)
  2 orc wizards (D)
  A kobold demonologist (D)
  3 humans (D)
  8 orcs (D)
  An endoplasm (D)
  3 rats (D)
  A bush (D)
139 creatures vanquished.

Vanquished Creatures (others)
  4 plants (D)
4 creatures vanquished.

Grand Total: 143 creatures vanquished

Notes
Turn   | Place    | Note
-------+----------+-------------------------------------------
     0 | D        | mhtbhm the Spriggan Enchanter began the quest for the Orb.
     0 | D        | Reached XP level 1. HP: 9/9 MP: 5/5
    17 | D        | Reached skill level 5 in Stealth
    32 | D        | Noticed a scorpion
    44 | D        | Killed a scorpion
    45 | D        | Reached skill level 8 in Stealth
    45 | D        | Reached XP level 2. HP: 13/13 MP: 6/8
    45 | D        | Reached XP level 3. HP: 16/16 MP: 6/9
    91 | D        | Learned a level 3 spell: Confusing Touch
    95 | D        | Learned a level 3 spell: Tukima's Dance
   110 | D        | Learned a level 2 spell: Ensorcelled Hibernation
   117 | D        | Gained mutation: You are agile. (Dex +4, Str/Int -1)
                  | [potion of mutation]
   117 | D        | Gained mutation: Your movements are slightly less
                  | encumbered by armour. (ER -2) [potion of mutation]
   117 | D        | Gained mutation: You occasionally lose the ability to read
                  | scrolls when taking damage. [potion of mutation]
   118 | D        | Lost mutation: You are agile. (Dex +4, Str/Int -1) [potion
                  | of mutation]
   118 | D        | Lost mutation: Your movements are slightly less encumbered
                  | by armour. (ER -2) [potion of mutation]
   118 | D        | Gained mutation: Your mind is acute. (Int +4, Str/Dex -1)
                  | [potion of mutation]
   118 | D        | Gained mutation: You are resistant to electric shocks.
                  | (rElec) [potion of mutation]
   118 | D        | Gained mutation: Your mind is very acute. (Int +8, Str/Dex
                  | -2) [potion of mutation]
   118 | D        | Gained mutation: Your muscles are strong. (Str +4, Int/Dex
                  | -1) [potion of mutation]
   142 | D        | Reached XP level 4. HP: 21/21 MP: 5/11
   152 | D        | Learned a level 3 spell: Dazzling Flash
   193 | D        | Noticed a water elemental
   220 | D        | Killed a water elemental
   221 | D        | Reached skill level 5 in Dodging
   221 | D        | Reached skill level 10 in Stealth
   221 | D        | Reached skill level 5 in Spellcasting
   221 | D        | Reached XP level 5. HP: 6/24 MP: 11/13
   239 | D        | Found a basalt altar of Yredelemnul.
   239 | D        | Found a shadowy altar of Dithmenos.
   239 | D        | Found a sacrificial altar of Ru.
   243 | D        | Reached skill level 11 in Stealth
   248 | D        | Became a worshipper of Dithmenos the Shadowed
   464 | D        | Found a hide-covered altar of Uskayaw.
   464 | D        | Found an iron altar of Okawaru.
   464 | D        | Found a bloodstained altar of Trog.
   464 | D        | Found an ornate altar of the Wu Jian Council.
   464 | D        | Noticed a human
   465 | D        | Noticed a human
   467 | D        | Killed a human
   468 | D        | Reached skill level 13 in Stealth
   468 | D        | Reached XP level 6. HP: 29/29 MP: 16/16
   468 | D        | Killed a human
   469 | D        | Reached skill level 1 in Fighting
   469 | D        | Reached skill level 5 in Short Blades
   482 | D        | Found a glowing silver altar of Zin.
   482 | D        | Found a glowing golden altar of the Shining One.
   482 | D        | Found a white marble altar of Elyvilon.
   483 | D        | Noticed a deep elf pyromancer
   485 | D        | Killed a deep elf pyromancer
   485 | D        | Reached * piety under Dithmenos
   486 | D        | Reached skill level 15 in Stealth
   486 | D        | Reached skill level 10 in Hexes
   486 | D        | Reached skill level 5 in Invocations
   486 | D        | Reached XP level 7. HP: 33/33 MP: 16/18
   503 | D        | Found a radiant altar of Vehumet.
   504 | D        | Found a shimmering blue altar of Sif Muna.
   504 | D        | Found an ancient bone altar of Kikubaaqudgha.
   511 | D        | Got Eringya's Reference Book on Poisoning and
                  | Transformation
   519 | D        | Learned a level 3 spell: Mephitic Cloud
   534 | D        | Noticed a shadow
   536 | D        | Killed a shadow
   536 | D        | Reached ** piety under Dithmenos
   537 | D        | Reached skill level 16 in Stealth
   537 | D        | Reached XP level 8. HP: 37/37 MP: 19/19
   541 | D        | Reached skill level 1 in Ice Magic
   543 | D        | Found a blossoming altar of Fedhas.
   543 | D        | Found a stormy altar of Qazlal.
   543 | D        | Found a snail-covered altar of Cheibriados.
   543 | D        | Found a burning altar of Makhleb.
   543 | D        | Found a shimmering altar of Xom.
   544 | D        | Found a hazy altar of Hepliaklqana.
   544 | D        | Found an opulent altar of Gozag.
   544 | D        | Found a sparkling altar of Nemelex Xobeh.
   544 | D        | Found a corrupted altar of Lugonu.
   544 | D        | Found a viscous altar of Jiyva.
   568 | D        | Reached skill level 17 in Stealth
   569 | D        | Reached *** piety under Dithmenos
   575 | D        | Noticed a two-headed ogre
   578 | D        | Killed a two-headed ogre
   579 | D        | Reached skill level 18 in Stealth
   582 | D        | Noticed a two-headed ogre
   582 | D        | Noticed Erolcha
   584 | D        | Killed Erolcha
   585 | D        | Reached skill level 20 in Stealth
   585 | D        | Reached XP level 9. HP: 41/41 MP: 20/22
   585 | D        | Killed a two-headed ogre
   585 | D        | Reached **** piety under Dithmenos
   634 | D        | Reached skill level 21 in Stealth
   710 | D        | Noticed a wandering mushroom
   714 | D        | Noticed a wandering mushroom
   716 | D        | Noticed a wandering mushroom
   717 | D        | Killed a wandering mushroom
   726 | D        | Killed a wandering mushroom
   726 | D        | Reached ***** piety under Dithmenos
   732 | D        | Reached skill level 22 in Stealth
   846 | D        | Noticed Edmund
   847 | D        | Noticed Sigmund
   848 | D        | Killed Edmund
   849 | D        | Killed Sigmund
   850 | D        | Reached skill level 24 in Stealth
   850 | D        | Reached skill level 10 in Invocations
   850 | D        | Reached XP level 10. HP: 43/46 MP: 18/24
   915 | D        | Noticed an orc high priest
   915 | D        | Noticed an orc sorcerer
   919 | D        | Reached ****** piety under Dithmenos
   919 | D        | Noticed an orc high priest
   923 | D        | Noticed a sixfirhy
   923 | D        | Killed an orc sorcerer
   924 | D        | Reached skill level 25 in Stealth
   930 | D        | Noticed an orange demon
   934 | D        | Noticed a soul eater
   939 | D        | Killed an orc high priest
   991 | D        | Killed an orc high priest
   992 | D        | Reached skill level 26 in Stealth
   992 | D        | Reached skill level 10 in Spellcasting
   992 | D        | Reached skill level 1 in Poison Magic
   992 | D        | Reached skill level 1 in Evocations
   992 | D        | Reached XP level 11. HP: 17/49 MP: 9/26
  1195 | D        | Found Lyiddisk's Antique Weapon Emporium.
  1464 | D        | Noticed an orange crystal statue
  1485 | D        | Killed an orange crystal statue
  1486 | D        | Reached skill level 1 in Conjurations
  1543 | D        | Found Jihuluago's Assorted Antiques.
  1543 | D        | Found Vukenehema's Antique Weapon Shop.
  1543 | D        | Found Dajuj's Distillery.
  1543 | D        | Found Ecwueq's Armour Boutique.
  1543 | D        | Found Gautz's Book Emporium.
  1543 | D        | Found Ubo Piri's Antique Weapon Shop.
  1543 | D        | Found Enainiaj's Magic Scroll Emporium.
  1543 | D        | Found Veiqof's General Store.
  1544 | D        | Found Athunyo's Jewellery Boutique.
  1544 | D        | Found Tufeogiwef's Distillery.
  1544 | D        | Found Giopaasoo's Antique Armour Shop.
  1591 | D        | Bought the Compendium of Ignition for 390 gold pieces
  1593 | D        | Bought 2 scrolls of blinking for 375 gold pieces
  1595 | D        | Bought a potion of curing for 36 gold pieces
  1595 | D        | Bought a potion of haste for 120 gold pieces
  1595 | D        | Bought a potion of heal wounds for 60 gold pieces
  1595 | D        | Bought a potion of might for 48 gold pieces
  1598 | D        | Bought a scroll of blinking for 105 gold pieces
  1608 | D        | Learned a level 3 spell: Inner Flame
  1615 | D        | Noticed a crystal guardian
  1615 | D        | Noticed a crystal guardian
  1615 | D        | Noticed a crystal guardian
  1615 | D        | Noticed a crystal guardian
  1616 | D        | Killed a crystal guardian
  1619 | D        | Killed a crystal guardian
  1622 | D        | Killed a crystal guardian
  1625 | D        | Killed a crystal guardian
  1626 | D        | Reached skill level 27 in Stealth
  1699 | D        | Reached skill level 1 in Throwing
  1950 | D        | Noticed a yaktaur captain
  1959 | D        | Killed a yaktaur captain
  1962 | D        | Reached skill level 10 in Dodging
  1969 | D        | Noticed Azrael
  1971 | D        | Killed Azrael
  1998 | D        | Acquired 506 gold pieces
  2002 | D        | Acquired the amulet of Hotan {RegenMP Dex+4}
  2080 | D        | Noticed a brown ugly thing
  2082 | D        | Killed a brown ugly thing
  2088 | D        | Noticed a centaur warrior
  2091 | D        | Killed a centaur warrior
  2092 | D        | Reached skill level 5 in Ice Magic
  2092 | D        | Reached XP level 12. HP: 55/56 MP: 29/29
  2101 | D        | Noticed a centaur warrior
  2105 | D        | Killed a centaur warrior
  2120 | D        | Noticed a fire dragon
  2124 | D        | Killed a fire dragon
  2139 | D        | Reached skill level 10 in Short Blades
  2143 | D        | Identified the +9 rapier of Yredelemnul's Anger {freeze,
                  | rPois rN+++ Str-3 Dex+2}
  2185 | D        | Noticed a yaktaur captain
  2187 | D        | Reached skill level 15 in Hexes
  2222 | D        | Killed a yaktaur captain
  2270 | D        | Reached skill level 15 in Invocations
  2274 | D        | Noticed an ancient lich
  2332 | D        | Noticed a mummy priest
  2332 | D        | Noticed a mummy priest
  2333 | D        | Noticed a sphinx
  2333 | D        | Noticed a sphinx
  2474 | D        | Killed a mummy priest
  2476 | D        | Killed a mummy priest
  2479 | D        | Killed a sphinx
  2480 | D        | Reached skill level 15 in Spellcasting
  2480 | D        | Killed a sphinx
  2481 | D        | Reached skill level 1 in Air Magic
  2481 | D        | Reached XP level 13. HP: 39/61 MP: 28/33
  2588 | D        | Noticed a mummy priest
  2588 | D        | Noticed a mummy priest
  2591 | D        | Killed a mummy priest
  2599 | D        | Killed a mummy priest
  3015 | D        | Noticed a mummy priest
  3016 | D        | Noticed a mummy priest
  3019 | D        | Killed a mummy priest
  3020 | D        | Killed a mummy priest
  3025 | D        | Noticed a mummy priest
  3027 | D        | Noticed a mummy priest
  3028 | D        | Killed a mummy priest
  3029 | D        | Killed a mummy priest
  3165 | D        | Noticed a mummy priest
  3166 | D        | Noticed a mummy priest
  3166 | D        | Noticed a mummy priest
  3166 | D        | Noticed a royal mummy
  3166 | D        | Noticed a mummy priest
  3166 | D        | Noticed a royal mummy
  3166 | D        | Noticed a mummy priest
  3168 | D        | Noticed a jiangshi
  3169 | D        | Slain by a jiangshi

Illustrated notes

Levels and vault maps discovered:
D:        dungeon_sprint_mu [sprint_mu_entry_forest, sprint_mu_temple_rooms,
          sprint_mu_d1_spiders, sprint_mu_d2_genie, sprint_mu_d3_branching,
          sprint_mu_orc_legion, sprint_mu_elf_gauntlet, sprint_mu_hive_nellie,
          sprint_mu_lair_fedhas, sprint_mu_vaults_butterflies,
          sprint_mu_slime_circle, sprint_mu_swamp_cave, sprint_mu_shoals_archi,
          sprint_mu_blade_basic, sprint_mu_crypt_lich, sprint_mu_tomb_spiral,
          sprint_mu_vestibule_basic, sprint_mu_gehenna_hellfire,
          sprint_mu_dis_giant, sprint_mu_tartarus_statrot,
          sprint_mu_cocytus_islands, sprint_mu_zot1]

Skill      XL: |  1  2  3  4  5  6  7  8  9 10 11 12 13 |
---------------+----------------------------------------+-----
Dodging        | 4 5 6 7 8 10 12 | 12.8
Hexes          | 6 7 9 10 11 12 14 15 16 | 16.5
Stealth        | 8 10 13 15 16 20 24 26 27 | 27.0
Spellcasting   | 4 5 6 7 8 9 10 12 15 16 | 16.3
Short Blades   | 2 3 4 6 7 8 9 11 12 | 12.7
Invocations    | 2 5 7 10 11 13 15 16 | 16.4
Fighting       | 1 2 3 4 |  4.5
Ice Magic      | 1 2 5 7 8 |  8.2
Poison Magic   | 1 2 |  2.7
Evocations     | 1 3 4 |  4.6
Conjurations   | 2 3 |  3.8
Throwing       | 1 |  1.3
Air Magic      | 1 |  1.4

Action                   |  1- 3 |  4- 6 |  7- 9 | 10-12 | 13-15 || total
-------------------------+-------+-------+-------+-------+-------++-------
Melee: Dagger            |    11 |    14 |    21 |   115 |       ||   161
       Punch             |       |     1 |       |     2 |       ||     3
       Rapier            |       |       |       |    30 |    20 ||    50
Throw: Dart              |       |       |       |     2 |       ||     2
 Cast: Ensorcelled Hiber |     2 |       |     4 |    13 |       ||    19
       Confusing Touch   |       |       |     2 |     1 |     1 ||     4
       Dazzling Flash    |       |       |       |    12 |       ||    12
       Mephitic Cloud    |       |       |       |     5 |       ||     5
Invok: Shadow Step       |       |       |     1 |    10 |     3 ||    14
Evoke: Tin of tremorston |       |       |       |     6 |     2 ||     8
  Use: Potion            |     3 |     1 |       |     3 |     1 ||     8
       Scroll            |       |       |       |     5 |       ||     5
 Stab: Sleeping          |     4 |     5 |    16 |    48 |    10 ||    83
       Invisible         |       |     1 |       |    10 |       ||    11
       Confused          |       |       |     1 |       |     1 ||     2
       Distracted        |       |       |       |     1 |       ||     1
Armor: Robe              |       |       |     1 |     2 |       ||     3
Dodge: Dodged            |     3 |     6 |     2 |    64 |     3 ||    78

Table legend: (Time is in decaauts)
 A = Elapsed time spent in this place.
 B = Non-inter-level travel time spent in this place.
 C = Inter-level travel time spent in this place.
 D = Time resting spent in this place.
 E = Time spent auto-exploring this place.
 F = Levels seen in this place.
 G = Mean time per level.
                   A        B        C        D        E       F      G
               +--------+--------+--------+--------+--------+-----+--------+
         Total |   2718 |   2710 |      8 |   1661 |     83 |   1 | 2718.0 |
       Dungeon |   2718 |   2710 |      8 |   1661 |     83 |   1 | 2718.0 |
               +--------+--------+--------+--------+--------+-----+--------+

Top non-repeatable levels by time:
       D: 2718 daAuts
